[Event "Titled Tuesday Blitz April 18 Early 2023"]
[White "Belov, Alexei"]
[Black "Harshavardhan G B"]
[WhiteFideId "4128206"]
[BlackFideId "25059009"]
[WhiteElo "2486"]
[BlackElo "2323"]
[Result "0-1"]
[Round "05"]
[TimeControl "180+2"]
[Date "2023.04.18"]
[WhiteClock "0:00:58"]
[BlackClock "0:01:19"]

1. e4 e5 2. Nf3 Nc6 3. Bb5 a6 4. Ba4 d6 5. c3 f5 6. exf5 Bxf5 7. O-O Bd3 8. Re1 Be7 9. Bc2 Bxc2 10. Qxc2 Nf6 11. d4 e4 12. Ng5 d5 13. f3 h6 14. Ne6 Qd7 15. Nf4 O-O 16. Nd2 Bd6 17. Ng6 Rf7 18. fxe4 Nxe4 19. Nxe4 Re8 20. Bd2 dxe4 21. Rxe4 Rxe4 22. Qxe4 Ne7 23. Nxe7+ Rxe7 24. Qd5+ Kh7 25. Bf4 Bxf4 0-1


[Site "https://www.chess.com"]

[Event "Titled Tuesday Blitz April 18 Early 2023"]
[White "Weetik, Vjacheslav"]
[Black "Chernomordik, Pavel"]
[WhiteFideId "4153472"]
[BlackFideId "2804530"]
[WhiteElo "2469"]
[BlackElo "2193"]
[Result "0-1"]
[Round "05"]
[TimeControl "180+2"]
[Date "2023.04.18"]
[WhiteClock "0:00:01"]
[BlackClock "0:00:49"]

1. d4 g6 2. e4 Bg7 3. Nf3 d6 4. Bc4 e6 5. O-O b6 6. Re1 Bb7 7. Nbd2 Nd7 8. c3 c5 9. d5 e5 10. a4 a6 11. Bf1 Qc7 12. b4 Ngf6 13. Ba3 O-O 14. Nc4 Nh5 15. Rb1 Rab8 16. g3 Bc8 17. Qd3 b5 18. Na5 c4 19. Qd1 Nb6 20. axb5 axb5 21. Bc1 h6 22. Be3 f5 23. Nh4 Qf7 24. Nc6 Rb7 25. Nd8 Rxd8 26. Bh3 f4 27. Bxc8 Nxc8 28. Bd2 Bf6 29. Ng2 g5 30. Qg4 Ne7 31. gxf4 exf4 32. Bxf4 Bxc3 33. Re3 Bd2 34. e5 Nxf4 35. e6 Qf5 0-1


[Site "https://www.chess.com"]

[Event "Titled Tuesday Blitz April 18 Early 2023"]
[White "Rodchenkov, Sergey D."]
[Black "Williams, Simon K"]
[WhiteFideId "4168712"]
[BlackFideId "404454"]
[WhiteElo "2277"]
[BlackElo "2468"]
[Result "1-0"]
[Round "05"]
[TimeControl "180+2"]
[Date "2023.04.18"]
[WhiteClock "0:00:11"]
[BlackClock "0:00:04"]

1. e4 d6 2. d4 Nf6 3. Nc3 Nbd7 4. f4 e5 5. Be3 exd4 6. Bxd4 Be7 7. g4 O-O 8. g5 Ne8 9. Qe2 c6 10. h4 Nc7 11. O-O-O b5 12. Qf2 b4 13. Nb1 c5 14. Be3 Bb7 15. Qg2 Re8 16. Ne2 Bf8 17. Ng3 Nb6 18. h5 d5 19. g6 d4 20. gxf7+ Kxf7 21. Rg1 Qf6 22. Bf2 Qxf4+ 23. Nd2 Kg8 24. Kb1 Kh8 25. Bd3 a5 26. h6 g6 27. Rdf1 Qxd2 28. Qh2 Qf4 29. Be1 Qe5 30. Bd2 c4 31. Bf4 Bd6 32. Bxe5+ Bxe5 33. Qe2 cxd3 34. cxd3 a4 35. Rf7 Ne6 36. Qg4 Ba6 37. Nh5 Bxd3+ 38. Ka1 a3 39. Nf6 axb2+ 40. Kxb2 Nc4+ 41. Kc1 Bf4+ 42. Qxf4 Re7 43. Rxe7 1-0


[Site "https://www.chess.com"]

[Event "Titled Tuesday Blitz April 18 Early 2023"]
[White "Jaferian, Koosha"]
[Black "Jaskolka, Tomasz"]
[WhiteFideId "12507440"]
[BlackFideId "1170791"]
[WhiteElo "2073"]
[BlackElo "2155"]
[Result "1/2-1/2"]
[Round "05"]
[TimeControl "180+2"]
[Date "2023.04.18"]
[WhiteClock "0:00:09"]
[BlackClock "0:00:15"]

1. Nf3 d5 2. b3 c6 3. Bb2 Nf6 4. g3 Bg4 5. Bg2 Bxf3 6. Bxf3 e6 7. O-O Nbd7 8. d3 Be7 9. a3 O-O 10. Nd2 Re8 11. Bg2 a5 12. Ra2 b5 13. Qa1 Qb6 14. c4 bxc4 15. bxc4 Reb8 16. Rb1 Qa7 17. Bd4 Bc5 18. Bxc5 Nxc5 19. Rab2 Rxb2 20. Qxb2 Ncd7 21. Qb7 Qxb7 22. Rxb7 Rb8 23. Ra7 Rb2 24. Nf1 Rxe2 25. Ra8+ Nf8 26. Rxa5 g6 27. Ra6 Ra2 28. a4 N8d7 29. Rxc6 Rxa4 30. cxd5 exd5 31. Ne3 Kg7 32. Bxd5 Ne5 33. Rc3 Nxd5 34. Nxd5 Ra1+ 35. Kg2 Rd1 36. Nf4 g5 37. Ne2 Nxd3 38. Kf3 f5 39. Rc7+ Kg6 40. Nc3 Rc1 41. h3 h5 42. Ke2 Ne5 43. Kd2 Rf1 44. Ke2 Rc1 45. f4 gxf4 46. gxf4 Nf7 47. Nd5 Rh1 48. Rc6+ Kg7 49. Ne7 Rxh3 50. Nxf5+ Kg8 51. Rg6+ Kf8 52. Ra6 Ke8 53. Ra8+ Kd7 54. Ra7+ Ke6 55. Nd4+ Kf6 56. Nf3 Rg3 57. Kf2 Rg4 58. Ke3 Nd6 59. Ra6 Ke7 60. Ra7+ Ke6 61. Nd4+ Kd5 62. Nf3 Nc4+ 63. Kf2 Rxf4 64. Kg3 Rg4+ 65. Kf2 Nd6 66. Rh7 Ne4+ 67. Ke3 Nf6 68. Rh8 Ke6 69. Ra8 Kf5 70. Ra5+ Kg6 71. Ne5+ Kf5 72. Nxg4+ Kxg4 73. Kf2 h4 74. Ra4+ Kg5 75. Kg2 Ng4 76. Kh3 Nf2+ 77. Kg2 Ng4 78. Ra5+ Kf4 79. Ra8 Nf6 80. Kh3 Kg5 81. Ra5+ Kf4 82. Kxh4 Ne4 83. Ra4 Kf5 84. Kh3 Kf4 85. Kg2 Ke3 86. Ra3+ Kf4 87. Rf3+ Kg4 88. Rb3 Kf4 89. Rb4 Ke3 90. Kf1 Kf3 91. Ke1 Ke3 92. Rb3+ Kd4 93. Ke2 Nc3+ 94. Kd2 Ne4+ 95. Kc2 Kc4 96. Rh3 Kd4 97. Rd3+ Kc4 98. Re3 Kd4 99. Rd3+ Kc4 100. Rd1 Nc3 101. Rd8 Ne4 102. Rd7 Nc5 103. Rc7 Kd4 104. Rc8 Kc4 105. Kd2 Kd4 106. Rd8+ Kc4 107. Ke3 Kc3 108. Rc8 Kc4 109. Rc7 Kd5 110. Rh7 Kc4 111. Rh5 Nb3 112. Rh4+ Kc3 113. Rh8 Kc4 114. Rc8+ Nc5 115. Rc7 Kd5 116. Rg7 Kc4 117. Rg5 Nb3 118. Ke4 Nc5+ 119. Ke5 Nd3+ 120. Kd6 Kd4 121. Rg4+ Ke3 122. Kd5 Nf4+ 123. Ke5 Nd3+ 124. Kf5 Kf3 125. Ra4 Ke3 126. Ra3 Kd2 127. Ke4 Nf2+ 128. Kd4 Ke2 129. Re3+ Kd2 130. Rf3 Ke2 131. Re3+ Kd2 132. Re8 1/2-1/2


[Site "https://www.chess.com"]

[Event "Titled Tuesday Blitz April 18 Early 2023"]
[White "Toncheva, Nadya"]
[Black "Bilych, Olexiy"]
[WhiteFideId "2924056"]
[BlackFideId "14156504"]
[WhiteElo "2101"]
[BlackElo "2320"]
[Result "0-1"]
[Round "05"]
[TimeControl "180+2"]
[Date "2023.04.18"]
[WhiteClock "0:00:31"]
[BlackClock "0:00:50"]

1. e4 c5 2. c3 d5 3. exd5 Nf6 4. Nf3 Nxd5 5. d4 cxd4 6. Nxd4 a6 7. Be2 e5 8. Nb3 Nc6 9. O-O Be7 10. Bf3 Be6 11. N1d2 O-O 12. Ne4 b6 13. Qe2 f5 14. Ng3 e4 15. Qe1 Qd7 16. Bd1 a5 17. f3 a4 18. fxe4 axb3 19. exd5 Bxd5 20. a3 Bc5+ 21. Kh1 Rae8 22. Be2 Ne5 23. Qd1 Qc6 24. Bf3 Nxf3 25. gxf3 Re1 0-1


[Site "https://www.chess.com"]

[Event "Titled Tuesday Blitz April 18 Early 2023"]
[White "Chernov, Mikhail"]
[Black "Ravi, Teja S."]
[WhiteFideId "24143170"]
[BlackFideId "5017220"]
[WhiteElo "2113"]
[BlackElo "2433"]
[Result "0-1"]
[Round "05"]
[TimeControl "180+2"]
[Date "2023.04.18"]
[WhiteClock "0:00:31"]
[BlackClock "0:01:31"]

1. d4 d5 2. Nc3 Nf6 3. Bf4 c5 4. e3 a6 5. dxc5 e6 6. Nf3 Bxc5 7. Be2 Nc6 8. O-O O-O 9. Bg5 b5 10. e4 d4 11. e5 dxc3 12. exf6 Qxd1 13. Raxd1 cxb2 14. Rb1 Ba3 15. Rfd1 e5 16. Rd3 b4 17. Rd6 Nd4 18. Nxd4 exd4 19. Rxd4 Be6 20. Bc4 Bxc4 21. Rxc4 Rac8 22. Rxc8 Rxc8 23. Rd1 h6 24. Be3 Rxc2 0-1


[Site "https://www.chess.com"]

[Event "Titled Tuesday Blitz April 18 Early 2023"]
[White "Brunner, Nicolas"]
[Black "Rom, Jasper"]
[WhiteFideId "620246"]
[BlackFideId "2023733"]
[WhiteElo "2327"]
[BlackElo "2233"]
[Result "1-0"]
[Round "05"]
[TimeControl "180+2"]
[Date "2023.04.18"]
[WhiteClock "0:00:11"]
[BlackClock "0:00:01"]

1. Nf3 d5 2. g3 e6 3. Bg2 Nf6 4. O-O Be7 5. c4 O-O 6. d4 dxc4 7. Qa4 a6 8. Qxc4 b5 9. Qc2 Bb7 10. Bg5 Be4 11. Qc1 Nbd7 12. Nbd2 Bd5 13. Nb3 Rc8 14. Nc5 Nxc5 15. dxc5 c6 16. b4 a5 17. a3 Ra8 18. Rd1 Qc7 19. Qb2 Rfd8 20. Bf4 Qb7 21. Be5 Ra7 22. Bh3 Rda8 23. Nd2 axb4 24. axb4 Ra2 25. Qd4 Ne8 26. e4 f6 27. exd5 fxe5 28. Bxe6+ Kh8 29. Qd3 Rxa1 30. Rxa1 Rxa1+ 31. Kg2 cxd5 32. Bxd5 Qc7 33. Qxb5 Nf6 34. Bc6 Ra2 35. Nc4 h6 36. h3 e4 37. Ne3 Qd8 38. Qb7 Bf8 39. Qf7 Qe7 40. Qxa2 Qe5 41. Qc4 Kh7 42. Ba4 Be7 43. Bb3 1-0


[Site "https://www.chess.com"]

[Event "Titled Tuesday Blitz April 18 Early 2023"]
[White "Skliarov, Viktor"]
[Black "Coenen, Michael"]
[WhiteFideId "14106736"]
[BlackFideId "4697367"]
[WhiteElo "2317"]
[BlackElo "2328"]
[Result "0-1"]
[Round "05"]
[TimeControl "180+2"]
[Date "2023.04.18"]
[WhiteClock "0:00:03"]
[BlackClock "0:00:20"]

1. e4 c5 2. Nf3 Nc6 3. Bb5 g6 4. O-O Bg7 5. Re1 d6 6. Bxc6+ bxc6 7. e5 d5 8. d3 Bg4 9. h3 Bxf3 10. Qxf3 e6 11. c4 Ne7 12. Bg5 O-O 13. Nc3 Qc7 14. Na4 Nf5 15. Bf6 Nd4 16. Qd1 Bxf6 17. exf6 Qf4 18. Nxc5 Rfd8 19. Qc1 Qxf6 20. Qc3 Rab8 21. Kf1 Kg7 22. Re3 Nf5 23. Qxf6+ Kxf6 24. Re2 Ke7 25. Rc1 Nd6 26. b3 Nb7 27. Nxb7 Rxb7 28. cxd5 cxd5 29. Rc5 Rd6 30. Rec2 Kd7 31. Ke2 e5 32. Ke3 Ke6 33. f4 f6 34. g3 Rb4 35. Rc8 exf4+ 36. gxf4 Kf5 37. R2c6 Rb6 38. Rxd6 Rxd6 39. Kf3 h5 40. Rc7 Ra6 41. a4 Rb6 42. Rxa7 Rxb3 43. Ke3 d4+ 44. Kxd4 Kxf4 45. Kc4 Rb1 46. a5 g5 47. a6 g4 48. Rb7 Ra1 49. a7 gxh3 50. Kc5 h2 51. Kb6 h1=Q 52. Rb8 Qg1+ 53. Kc7 Qxa7+ 54. Kc8 Qc5+ 55. Kd7 Ra7+ 56. Ke8 Qe7# 0-1


[Site "https://www.chess.com"]

[Event "Titled Tuesday Blitz April 18 Early 2023"]
[White "Kovalevsky, Stanislav"]
[Black "Perez Gormaz, Matias"]
[WhiteFideId "13508598"]
[BlackFideId "3406342"]
[WhiteElo "2174"]
[BlackElo "2362"]
[Result "0-1"]
[Round "05"]
[TimeControl "180+2"]
[Date "2023.04.18"]
[WhiteClock "0:00:17"]
[BlackClock "0:00:24"]

1. c4 Nf6 2. Nc3 e5 3. g3 Bb4 4. Bg2 O-O 5. e4 d6 6. Nge2 Nc6 7. O-O Bc5 8. h3 a6 9. d3 Rb8 10. a4 Nd7 11. Kh2 f5 12. exf5 Rxf5 13. Ne4 Rf8 14. Nxc5 Nxc5 15. d4 exd4 16. Nxd4 Nxd4 17. Qxd4 Nb3 18. Qd5+ Kh8 19. Rb1 Bf5 20. Bf4 Bxb1 21. Rxb1 Qe7 22. Qd3 Nc5 23. Qc2 a5 24. Qc3 b6 25. Re1 Qf6 26. Qe3 Qxb2 27. Qe7 Nd3 28. Re2 Qf6 29. Bg5 Qxe7 30. Rxe7 Rxf2 31. g4 h6 32. Be3 Re2 33. Kg3 Ne1 34. Bf1 Rxe3+ 35. Rxe3 Nc2 36. Re7 Rc8 37. Bd3 Nd4 38. h4 Nc6 39. Re6 Ne5 40. Bf5 Rf8 41. Re7 g6 42. Be4 Rf7 43. Rxf7 Nxf7 44. Bxg6 Ne5 45. Be4 Nxc4 46. Kf4 Kg7 47. Kf5 c6 48. Ke6 d5 49. Bd3 Nb2 50. Bc2 d4 51. Kd6 d3 52. Bxd3 Nxd3 53. Kxc6 Nb2 54. Kxb6 Nxa4+ 55. Kxa5 Nc3 56. Kb4 Ne4 57. Kc4 Nf2 58. g5 h5 59. Kd5 Kg6 60. Ke5 Nh1 61. Kf4 Nf2 62. Kg3 Ng4 63. Kf4 Nf2 64. Kg3 Nd3 65. Kf3 Nc5 66. Kf4 Nb7 67. Ke5 Nc5 68. Kf4 Nb7 69. Ke5 Nd8 70. Kd6 Nf7+ 71. Ke6 Nd8+ 72. Ke5 Nb7 73. Kf4 Nd6 74. Ke5 Nf5 75. Kf4 Nxh4 76. Kg3 Nf5+ 77. Kh3 Ng7 78. Kh4 Ne6 79. Kg3 Nxg5 80. Kh2 Nh7 81. Kg3 Kg5 82. Kh3 Nf6 83. Kg3 h4+ 84. Kh3 Ng4 85. Kg2 Nh6 86. Kh3 Kh5 87. Kg2 Kg4 88. Kh2 h3 89. Kh1 Kh4 90. Kg1 Ng4 91. Kh1 Kg3 92. Kg1 h2+ 93. Kh1 Nf2# 0-1


[Site "https://www.chess.com"]

[Event "Titled Tuesday Blitz April 18 Early 2023"]
[White "Jumanov, Elbek"]
[Black "Jain Kashish Manoj"]
[WhiteFideId "14202905"]
[BlackFideId "35081098"]
[WhiteElo "2055"]
[BlackElo "2191"]
[Result "1-0"]
[Round "05"]
[TimeControl "180+2"]
[Date "2023.04.18"]
[WhiteClock "0:00:24"]
[BlackClock "0:00:06"]

1. c4 Nf6 2. Nf3 g6 3. Nc3 Bg7 4. g3 O-O 5. Bg2 d6 6. O-O Nc6 7. Rb1 e5 8. d3 a5 9. a3 Re8 10. Bg5 h6 11. Bxf6 Bxf6 12. b4 axb4 13. axb4 Bg7 14. b5 Ne7 15. Qc2 Rb8 16. Nd5 Be6 17. Nd2 f5 18. Rfc1 Kh8 19. b6 c6 20. Nc7 Ng8 21. Nxe8 Qxe8 22. c5 d5 23. e4 Nf6 24. exd5 Nxd5 25. Nc4 Qe7 26. Nd6 f4 27. d4 exd4 28. Qxg6 Nc3 29. Re1 Qd7 30. Rxe6 Nxb1 31. Be4 Kg8 32. Bxb1 Ra8 33. Qh7+ Kf8 34. Qf5+ Kg8 35. Re8+ Rxe8 36. Qxd7 Re1+ 37. Kg2 Rxb1 38. Qf7+ 1-0


[Site "https://www.chess.com"]

[Event "Titled Tuesday Blitz April 18 Early 2023"]
[White "Sieciechowicz, Marcin"]
[Black "Stepanencu, Nicodim-Cosmin"]
[WhiteFideId "1130170"]
[BlackFideId "1256220"]
[WhiteElo "2302"]
[BlackElo "2185"]
[Result "0-1"]
[Round "05"]
[TimeControl "180+2"]
[Date "2023.04.18"]
[WhiteClock "0:00:04"]
[BlackClock "0:00:02"]

1. d4 g6 2. h4 d5 3. h5 gxh5 4. c4 Nf6 5. Nc3 c6 6. Nf3 Bg7 7. Bg5 Ne4 8. Bd2 Bf5 9. e3 e6 10. Be2 Nd7 11. Rxh5 Bg4 12. Rh1 Bxf3 13. Bxf3 Nxc3 14. Bxc3 dxc4 15. Qc2 h6 16. O-O-O Qg5 17. Rh5 Qg6 18. Qe2 Nb6 19. Ra5 h5 20. Rh1 h4 21. g3 hxg3 22. Rg1 Rh2 23. Rxg3 Qxg3 24. fxg3 Rxe2 25. Bxe2 Bh6 26. Bd2 Nd5 27. e4 Bxd2+ 28. Kxd2 Nb6 29. Rh5 O-O-O 30. Ke3 Na4 31. Bxc4 Nxb2 32. Bb3 b5 33. Rc5 Kb7 34. Rc2 Nd1+ 35. Kd3 e5 36. d5 f5 37. Rg2 fxe4+ 38. Kd2 Nb2 39. Kc2 Nc4 40. dxc6+ Kxc6 41. Re2 Rd4 42. g4 e3 43. g5 Rg4 44. Bxc4 bxc4 45. Rxe3 Rxg5 46. Ra3 Kb6 47. Re3 Kc5 48. Ra3 Rg2+ 49. Kc1 Kd4 50. Rxa7 Kd3 51. a4 Rg1+ 52. Kb2 0-1


[Site "https://www.chess.com"]

[Event "Titled Tuesday Blitz April 18 Early 2023"]
[White "Malek, Jan"]
[Black "Kubatko, Ivan"]
[WhiteFideId "21864080"]
[BlackFideId "24111473"]
[WhiteElo "2255"]
[BlackElo "2285"]
[Result "1-0"]
[Round "05"]
[TimeControl "180+2"]
[Date "2023.04.18"]
[WhiteClock "0:00:13"]
[BlackClock "0:00:01"]

1. e4 d5 2. exd5 Qxd5 3. c3 Nf6 4. d4 Nc6 5. Nf3 Bg4 6. Be2 O-O-O 7. h3 Bf5 8. Be3 e6 9. Nbd2 Kb8 10. Qb3 Be7 11. Bc4 Qd6 12. Bb5 Ne4 13. Nc4 Qd5 14. Bxc6 Qxc6 15. Nfe5 Qe8 16. Na5 Nd6 17. Nec6+ Ka8 18. Nxd8 Qxd8 19. Bf4 Qc8 20. O-O g5 21. Bh2 h5 22. Rfe1 g4 23. c4 gxh3 24. c5 Ne4 25. c6 b6 26. Nc4 hxg2 27. Ne3 Bg6 28. a4 a5 29. Nc4 Qa6 30. Bxc7 Bd8 31. Nxb6+ Ka7 32. Nc8+ Qxc8 33. Qb6+ Ka8 34. Qxa5+ 1-0


[Site "https://www.chess.com"]

[Event "Titled Tuesday Blitz April 18 Early 2023"]
[White "Averjanov, Alexey"]
[Black "Estrada Nieto, Julian"]
[WhiteFideId "14109867"]
[BlackFideId "5101018"]
[WhiteElo "2617"]
[BlackElo "2161"]
[Result "1-0"]
[Round "05"]
[TimeControl "180+2"]
[Date "2023.04.18"]
[WhiteClock "0:00:21"]
[BlackClock "0:00:06"]

1. d4 d5 2. c4 dxc4 3. Nf3 Nf6 4. e3 e6 5. Bxc4 a6 6. O-O c5 7. b3 Nc6 8. Bb2 cxd4 9. Nxd4 Bd7 10. Nc3 Nxd4 11. Qxd4 Bc6 12. Qh4 Be7 13. Rfd1 Qa5 14. Rac1 O-O 15. Qg3 Rfd8 16. h3 Rxd1+ 17. Rxd1 Rd8 18. Rxd8+ Qxd8 19. Qe5 h6 20. Bf1 Qd2 21. Na4 Qe1 22. Qc3 Qb1 23. a3 Bb5 24. Qc1 Qxc1 25. Bxc1 Bxf1 26. Kxf1 Ne4 27. f3 Nc5 28. Nxc5 Bxc5 29. Ke2 Kf8 30. Kd3 Ke7 31. Bb2 f6 32. a4 Kd6 33. e4 b5 34. axb5 axb5 35. Bc1 Bf2 36. g4 Kc5 37. Bd2 Bg3 38. Bc3 Be5 39. Be1 Bf4 40. Bf2+ Kb4 41. Kc2 g6 42. Bd4 e5 43. Bb6 h5 44. Bd8 Bg5 45. Be7+ Ka5 46. Kd3 hxg4 47. hxg4 Kb6 48. f4 Bxf4 49. Bxf6 Kc6 50. Be7 Kd7 51. Bb4 Kc6 52. Ke2 Kb6 53. Kf3 Kc6 54. Bf8 Kb6 55. Ke2 Kc6 56. Kd3 Kb6 57. Ba3 Kc6 58. Bb2 Kc5 59. Bc3 b4 60. Be1 Kb5 61. Bf2 Kc6 62. Kc4 Bd2 63. Bc5 Be1 64. Bxb4 Bg3 65. Bc5 Be1 66. b4 Bd2 67. b5+ Kd7 68. Kd5 Bc3 69. b6 Bb2 70. Bd6 Bd4 71. b7 1-0


[Site "https://www.chess.com"]

[Event "Titled Tuesday Blitz April 18 Early 2023"]
[White "Bas Mas, Jose Joaquin"]
[Black "Vaibhav Jayant Raut"]
[WhiteFideId "22219064"]
[BlackFideId "5089034"]
[WhiteElo "2233"]
[BlackElo "2156"]
[Result "0-1"]
[Round "05"]
[TimeControl "180+2"]
[Date "2023.04.18"]
[WhiteClock "0:00:25"]
[BlackClock "0:01:07"]

1. e4 c5 2. Nc3 Nc6 3. Bb5 Nd4 4. Nf3 a6 5. Bd3 Nc6 6. O-O e5 7. b3 d6 8. h3 Be6 9. Bb2 g6 10. Bc4 Bxc4 11. bxc4 Bg7 12. Nd5 Nge7 13. d3 O-O 14. a4 Nxd5 15. cxd5 Ne7 16. Nd2 b5 17. f4 exf4 18. Bxg7 Kxg7 19. Rxf4 f5 20. Qe2 Qe8 21. Raf1 Nxd5 22. R4f2 Nc3 23. Qe3 Qe5 24. Nf3 Qe7 25. Qd2 b4 26. exf5 Rxf5 27. Re1 Qd7 28. d4 Re8 29. dxc5 Rxe1+ 30. Nxe1 Rxf2 31. Kxf2 Ne4+ 0-1


[Site "https://www.chess.com"]

[Event "Titled Tuesday Blitz April 18 Early 2023"]
[White "Melikhov, Evgeny V."]
[Black "Arias, Juan Cruz"]
[WhiteFideId "4122046"]
[BlackFideId "118540"]
[WhiteElo "2158"]
[BlackElo "2243"]
[Result "1-0"]
[Round "05"]
[TimeControl "180+2"]
[Date "2023.04.18"]
[WhiteClock "0:00:12"]
[BlackClock "0:01:30"]

1. d4 Nf6 2. c4 c5 3. d5 e5 4. Nc3 d6 5. e4 Nbd7 6. Nf3 Be7 7. h3 Nf8 8. Bd3 Ng6 9. Ne2 h5 10. Bg5 Nh7 11. Be3 h4 12. Qd2 O-O 13. g3 f5 14. exf5 Bxf5 15. Bxf5 Rxf5 16. Nxh4 Bxh4 17. gxh4 Nxh4 18. O-O-O b5 19. Ng3 Rf7 20. Ne4 Nf5 21. Rdg1 bxc4 22. h4 Nd4 23. Bxd4 cxd4 24. h5 c3 25. bxc3 dxc3 26. Qc2 Rb8 27. h6 Rb2 28. Qxc3 Rxa2 29. Rxg7+ Rxg7 30. hxg7 Qe8 31. Rxh7 Qg6 32. Qc8+ Kxh7 33. Qh8# 1-0


[Site "https://www.chess.com"]

[Event "Titled Tuesday Blitz April 18 Early 2023"]
[White "Berezin, Viktor"]
[Black "Sargissyan, Sargis"]
[WhiteFideId "14107872"]
[BlackFideId "13303210"]
[WhiteElo "2310"]
[BlackElo "2109"]
[Result "1-0"]
[Round "05"]
[TimeControl "180+2"]
[Date "2023.04.18"]
[WhiteClock "0:00:17"]
[BlackClock "0:00:02"]

1. d4 Nf6 2. c4 g6 3. Nf3 Bg7 4. g3 O-O 5. Bg2 c6 6. O-O d5 7. cxd5 cxd5 8. Nc3 Ne4 9. Qb3 Nc6 10. e3 Nxc3 11. bxc3 Na5 12. Qb4 Nc4 13. Nd2 Nxd2 14. Bxd2 e6 15. c4 dxc4 16. Qxc4 e5 17. Bb4 Re8 18. d5 b6 19. Rac1 Bd7 20. Qa6 Bc8 21. Qa3 Bb7 22. Rfd1 a5 23. Bd6 Bf8 24. Bxf8 Rxf8 25. d6 Bxg2 26. Kxg2 Rc8 27. Rxc8 Qxc8 28. Qd3 Qc6+ 29. f3 Rd8 30. h4 h5 31. e4 Rd7 32. Rd2 b5 33. g4 hxg4 34. fxg4 b4 35. h5 Qc3 36. Qd5 Kg7 37. Rf2 Qd4 38. Qxd4 exd4 39. e5 a4 40. Kf3 b3 41. axb3 axb3 42. Ke4 f6 43. Kxd4 fxe5+ 44. Kxe5 gxh5 45. gxh5 Rb7 46. Rb2 Rb5+ 47. Ke6 Rb4 48. d7 Rd4 49. Ke7 Re4+ 50. Kd6 Rd4+ 51. Ke6 Rd1 52. Rxb3 Re1+ 53. Kd6 Rd1+ 54. Kc7 Rc1+ 55. Kb7 Rd1 56. Kc8 Rc1+ 57. Kd8 Rd1 58. Rg3+ Kh7 59. Rg5 Re1 60. Rd5 1-0


[Site "https://www.chess.com"]

[Event "Titled Tuesday Blitz April 18 Early 2023"]
[White "Sokolovsky, Yahli"]
[Black "Topalov, Aleksandar"]
[WhiteFideId "2820242"]
[BlackFideId "925659"]
[WhiteElo "2316"]
[BlackElo "2151"]
[Result "1-0"]
[Round "05"]
[TimeControl "180+2"]
[Date "2023.04.18"]
[WhiteClock "0:00:07"]
[BlackClock "0:00:02"]

1. b3 Nf6 2. Bb2 g6 3. c4 Bg7 4. g3 O-O 5. Bg2 d6 6. d4 a5 7. Nc3 Nbd7 8. Nf3 c6 9. O-O Re8 10. d5 cxd5 11. cxd5 Nc5 12. Nd4 Bd7 13. Qd2 a4 14. b4 a3 15. Bc1 Na4 16. Bxa3 Nxc3 17. Qxc3 Qb6 18. Bb2 Ng4 19. e3 Rec8 20. Qd2 Ne5 21. a3 Nc4 22. Qe2 Bb5 23. Bc3 Nxa3 24. Nxb5 Nxb5 25. Bxg7 Kxg7 26. Qb2+ Kg8 27. h4 Rxa1 28. Rxa1 Qc7 29. h5 Qc3 30. Qxc3 Rxc3 31. h6 f6 32. Bh3 Kf7 33. Be6+ Ke8 34. Ra8+ 1-0


[Site "https://www.chess.com"]

[Event "Titled Tuesday Blitz April 18 Early 2023"]
[White "Bodnaruk, Anastasia"]
[Black "Jimenez Jimenez, Leandro"]
[WhiteFideId "4181751"]
[BlackFideId "6415253"]
[WhiteElo "2310"]
[BlackElo "2263"]
[Result "1-0"]
[Round "05"]
[TimeControl "180+2"]
[Date "2023.04.18"]
[WhiteClock "0:01:11"]
[BlackClock "0:00:13"]

1. e4 e5 2. Nf3 Nc6 3. Bc4 Bc5 4. d3 a6 5. c3 d6 6. O-O Nf6 7. Bb3 Ba7 8. Be3 O-O 9. Nbd2 Ne7 10. Bxa7 Rxa7 11. d4 Ng6 12. Re1 Ra8 13. Nf1 Qe7 14. Ng3 Re8 15. Nf5 Qf8 16. Qc2 h6 17. Rad1 Nf4 18. g3 Nh3+ 19. Kg2 Ng5 20. Nxg5 hxg5 21. f3 g6 22. Ne3 Kg7 23. Rh1 Qe7 24. dxe5 Qxe5 25. Nc4 Qe7 26. Rhe1 g4 27. f4 Nxe4 28. Nd2 f5 29. Bd5 c6 30. Bxe4 fxe4 31. Rxe4 Qf7 32. Rxe8 Qxe8 33. Kf2 Bf5 34. Qb3 Qe7 35. Re1 Qd7 36. Qc4 Rh8 37. Qd4+ Kf7 38. Qxh8 1-0


[Site "https://www.chess.com"]

[Event "Titled Tuesday Blitz April 18 Early 2023"]
[White "Ozates, Tuna"]
[Black "Andrews, Todd"]
[WhiteFideId "6354521"]
[BlackFideId "2012456"]
[WhiteElo "2151"]
[BlackElo "2430"]
[Result "1-0"]
[Round "05"]
[TimeControl "180+2"]
[Date "2023.04.18"]
[WhiteClock "0:00:15"]
[BlackClock "0:00:01"]

1. Nc3 Nf6 2. e4 e6 3. e5 Nd5 4. Nf3 d6 5. Nxd5 exd5 6. d4 Be7 7. Bd3 Bg4 8. h3 Bh5 9. Bf4 Nc6 10. c3 dxe5 11. dxe5 Qd7 12. g4 Bg6 13. Bb5 Be4 14. Rg1 a6 15. Ba4 b5 16. Bc2 Bxc2 17. Qxc2 h5 18. Qf5 hxg4 19. hxg4 g6 20. Qxd7+ Kxd7 21. O-O-O Ke6 22. Rge1 Rh3 23. Bg3 Rd8 24. Ng1 Rh1 25. Ne2 Rxe1 26. Rxe1 g5 27. f4 f5 28. exf6 Kxf6 29. fxg5+ Kxg5 30. Nd4 Nxd4 31. Rxe7 Nf3 32. Bxc7 Rg8 33. Re6 Kxg4 34. Rxa6 d4 35. Ba5 d3 36. Rd6 d2+ 37. Kc2 Ra8 38. b4 Re8 39. c4 bxc4 40. b5 Ra8 41. Ra6 Re8 42. Bxd2 Nd4+ 43. Kc3 Nxb5+ 44. Kxc4 Re2 45. Kxb5 Rxd2 46. a4 Kf5 47. Ra8 Rb2+ 48. Kc5 Rc2+ 49. Kd5 Rd2+ 50. Kc4 Rb2 51. Re8 Ra2 52. Kb5 Kf6 53. a5 Kf7 54. Re4 1-0


[Site "https://www.chess.com"]

[Event "Titled Tuesday Blitz April 18 Early 2023"]
[White "Trakru, Rohun"]
[Black "Orujov2008"]
[WhiteFideId "2097613"]
[WhiteElo "1852"]
[BlackElo "2430"]
[Result "0-1"]
[Round "05"]
[TimeControl "180+2"]
[Date "2023.04.18"]
[WhiteClock "0:01:08"]
[BlackClock "0:00:12"]

1. a3 a6 2. c4 Nf6 3. Nc3 e6 4. d4 d5 5. Bg5 Be7 6. e3 O-O 7. cxd5 exd5 8. Bd3 h6 9. Bh4 c6 10. Nf3 Ne4 11. Bxe7 Qxe7 12. Qc2 f5 13. O-O Be6 14. Ne5 Kh7 15. f3 Nd6 16. b4 Nd7 17. f4 Nxe5 18. fxe5 Ne4 19. Bxe4 dxe4 20. Na4 Bd5 21. Nc5 g5 22. a4 f4 23. Nxe4 Kh8 24. exf4 gxf4 25. Nf6 Rxf6 26. exf6 Qxf6 27. Qf2 Rg8 28. g3 f3 29. Rae1 b5 30. axb5 axb5 31. Re5 Qd6 32. Qe3 Rg6 33. Re8+ Kg7 34. Re7+ Kf8 35. Re1 Rxg3+ 36. Kf1 Bc4+ 37. Kf2 Rg2+ 38. Kxf3 Bd5+ 39. Re4 Rg6 40. Ke2 Bxe4 41. Qxe4 Re6 42. Kd3 Rxe4 43. Rxe4 Qxb4 0-1


[Site "https://www.chess.com"]

[Event "Titled Tuesday Blitz April 18 Early 2023"]
[White "Pein, Jonathan"]
[Black "Tasev, Dejan"]
[WhiteFideId "417092"]
[BlackFideId "936618"]
[WhiteElo "2151"]
[BlackElo "2244"]
[Result "0-1"]
[Round "05"]
[TimeControl "180+2"]
[Date "2023.04.18"]
[WhiteClock "0:00:12"]
[BlackClock "0:00:25"]

1. Nf3 Nf6 2. c4 g6 3. d4 Bg7 4. Nc3 O-O 5. e4 d6 6. Be2 c5 7. O-O a6 8. dxc5 dxc5 9. Qxd8 Rxd8 10. Be3 b6 11. Nd5 Nxd5 12. exd5 Nd7 13. Rab1 a5 14. Bf4 Ra7 15. h3 Nf6 16. Ne5 Bf5 17. Rbd1 Rb7 18. Nc6 Re8 19. Bf3 h5 20. Rfe1 Rd7 21. b3 a4 22. bxa4 Bc2 23. Rd2 Bxa4 24. Rde2 b5 25. Nxe7+ Kh7 26. cxb5 Bxb5 27. Rb2 Nxd5 28. Rxb5 Nxf4 29. Rxc5 Rdxe7 30. Rxe7 Rxe7 31. a4 Nd3 32. Rc2 Re1+ 33. Kh2 Ra1 34. Be2 Nxf2 35. Bb5 Ne4 36. Rc7 f5 37. h4 Kh6 38. Kh3 Be5 39. g3 Bxc7 0-1


[Site "https://www.chess.com"]